 Dungeon Crawl Stone Soup version 0.21.1-1-g345015f (webtiles) character file.

14 Iko the Sneak (level 2, 0/22 HPs)
             Began as a Naga Ice Elementalist on June 3, 2018.
             Was an Initiate of Nemelex Xobeh.
             Succumbed to an adder's poison
             ... on level 2 of the Dungeon.
             The game lasted 00:03:34 (181 turns).

Iko the Sneak (Naga Ice Elementalist)                Turns: 181, Time: 00:03:35

Health: 0/22       AC:  3    Str: 10    XL:     2   Next: 45%
Magic:  5/5        EV:  8    Int: 15    God:    Nemelex Xobeh [......]
Gold:   0          SH:  0    Dex: 11    Spells: 4/5 levels left

rFire    . . .     SeeInvis +   e - +0 club
rCold    . . .     Gourm    +   (no shield)
rNeg     . . .     Faith    .   d - +0 ring mail
rPois    +         Spirit   .   (no helmet)
rElec    .         Reflect  .   (no cloak)
rCorr    .         Harm     .   (no gloves)
MR       .....                  (no barding)
Stlth    +.........             f - amulet of the gourmand
HPRegen  0.07/turn              (no ring)
MPRegen  0.09/turn              (no ring)

@: lethally poisoned (0 -> -5), very slow
A: large, see invisible, deformed body, poison resistance, slowness 2, slow
metabolism 1, spit poison 1, AC +0
a: Spit Poison, Renounce Religion


You were on level 2 of the Dungeon.
You worshipped Nemelex Xobeh.
Nemelex Xobeh was noncommittal.
You were not hungry.

You visited 1 branch of the dungeon, and saw 2 of its levels.

Inventory:

Hand Weapons
 e - a +0 club (weapon)
Armour
 d - a +0 ring mail (worn)
Jewellery
 f - an amulet of the gourmand (around neck)
Scrolls
 g - a scroll of teleportation {unknown}
Potions
 a - a potion of berserk rage
Books
 b - a book of Frost

   Spells                             Type                      Level
   a - Freeze                         Ice                          1
   b - Throw Frost                    Conjuration/Ice              2
   c - Ozocubu's Armour               Charms/Ice                   3
   d - Throw Icicle                   Conjuration/Ice              4
   e - Summon Ice Beast               Ice/Summoning                4
Comestibles
 c - 3 rations


   Skills:
 + Level 2.1 Dodging
 + Level 3.1 Stealth
 + Level 2.1 Spellcasting
   Level 1.0 Conjurations
 + Level 3.0 Ice Magic


You had 4 spell levels left.
You knew the following spells:

 Your Spells              Type           Power        Failure   Level  Hunger
a - Freeze                Ice            ##..         16%         1    #......


Dungeon Overview and Level Annotations

Branches:
Dungeon (2/15)

Altars:
Elyvilon
Nemelex Xobeh


Innate Abilities, Weirdness & Mutations

You cannot wear boots.
Your serpentine skin is tough. (AC +0)
You have supernaturally acute eyesight. (SInv)
Armour fits poorly on your strangely shaped body.
Your system is resistant to poisons. (rPois)
You cover ground very slowly.
You have a slow metabolism.
You can spit poison.


Message History

You see here a scroll labeled ROEZ IMPOLYE.
g - a scroll labeled ROEZ IMPOLYE The adder barely misses you.
The gnoll hits you from afar with a spear.
* * * LOW HITPOINT WARNING * * *
The bat completely misses you. The gnoll barely misses you. x2
Found a ration.
The bat hits you but does no damage. The gnoll hits you.
* * * LOW HITPOINT WARNING * * *
The bat hits you but does no damage. The adder bites you.
* * * LOW HITPOINT WARNING * * *
You are lethally poisoned!
The adder poisons you!
* * * LOW HITPOINT WARNING * * *
You feel sick. The bat hits you.
* * * LOW HITPOINT WARNING * * *
The adder barely misses you.
A goblin comes into view. It is wielding a dagger.
You die...
Your body disappears without a glow.

#.......#
#.......#
#.g.....#
#.......#
.....%.#
......##
##..?...##
##.@......#
#?.........
#.Sb.......
#.gg.......
#gg........
#..........
##........#
##}.......#
#.........


You could see 4 gnolls, an adder, a goblin (sleeping) and a bat.

Vanquished Creatures
  An adder (D:2)
  2 hobgoblins (D:2)
  A bat (D:1)
  A kobold (D:2)
  A rat (D:2)
6 creatures vanquished.

Notes
Turn   | Place    | Note
-------+----------+-------------------------------------------
     0 | D:1      | Iko the Naga Ice Elementalist began the quest for the Orb.
     0 | D:1      | Reached XP level 1. HP: 15/15 MP: 3/3
    85 | D:2      | Reached XP level 2. HP: 22/22 MP: 0/5
   108 | D:2      | Found a sparkling altar of Nemelex Xobeh.
   108 | D:2      | Found a white marble altar of Elyvilon.
   116 | D:2      | Became a worshipper of Nemelex Xobeh the Trickster
   173 | D:2      | Received a gift from Nemelex Xobeh
   180 | D:2      | HP: 1/22 [bat (1)]
   181 | D:2      | Succumbed to an adder's poison

Skill      XL: |  1 |
---------------+----+-----
Dodging        | 2 |  2.1
Stealth        | |  3.1
Spellcasting   | |  2.1
Conjurations   | |  1.0
Ice Magic      | |  3.0

Action                   || total
-------------------------++-------
Melee: Club              ||     4
       Unarmed           ||     3
 Cast: Freeze            ||     7
 Abil: Spit Poison       ||     3
  Use: Scroll            ||     1
Armor: Ring mail         ||     7
Dodge: Dodged            ||    14
